 Dungeon Crawl Stone Soup version 0.30-a0-347-gf58ed5266c (webtiles) character file.

Game seed: 4802531419666251465

2 ColgateMemes the Grasshopper (level 1, 0/19 HPs)
             Began as a Naga Warper on Nov 5, 2022.
             Slain by a jackal (2 damage)
             ... on level 1 of the Dungeon.
             The game lasted 00:01:04 (103 turns).

ColgateMemes the Grasshopper (Naga Warper)           Turns: 103, Time: 00:01:06

Health: 0/19       AC:  1    Str: 13    XL:     1   Next: 40%
Magic:  3/3        EV:  9    Int: 13    God:
Gold:   0          SH:  0    Dex: 10    Spells: 4/4 levels left

rFire   . . .      SeeInvis +    a - +0 hand axe
rCold   . . .      Faith    .    (no shield)
rNeg    . . .      Spirit   .    b - +0 leather armour
rPois   +          Reflect  .    (no helmet)
rElec   .          Harm     .    (no cloak)
rCorr   .          Rampage  .    (no gloves)
Will    .....                    (no barding)
Stlth   +.........               g - amulet of regeneration
HPRegen 1.03/turn                (no ring)
MPRegen 0.08/turn                (no ring)

@: very slow
A: AC +0, large, see invisible, deformed body, poison resistance, slowness 2,
spit poison 1, naga tail 1
a: Spit Poison


You were on level 1 of the Dungeon.
You visited 1 branch of the dungeon, and saw 1 of its levels.

Inventory:

Hand Weapons
 a - a +0 hand axe (weapon)
Missiles
 d - 7 boomerangs of dispersal (quivered)
Armour
 b - a +0 leather armour (worn)
Jewellery
 g - an amulet of regeneration (around neck)
Scrolls
 c - a scroll of blinking
Potions
 e - a potion of berserk rage {unknown}
 f - a potion of curing {unknown}


   Skills:
 + Level 2.2 Fighting
 + Level 2.0 Axes
 + Level 0.8 Throwing
 + Level 0.7 Armour
 + Level 1.5 Dodging
 + Level 2.0 Spellcasting
 + Level 3.0 Translocations


You had 4 spell levels left.
You didn't know any spells.
Your spell library contained the following spells:

 Spells                   Type           Power      Damage    Failure   Level
 Blink                    Tloc           18%        N/A       14%         2
 Lesser Beckoning         Tloc           18%        N/A       28%         3
 Teleport Other           Tloc           9%         N/A       28%         3
 Vhi's Electric Charge    Tloc/Air       10%        N/A       45%         3
 Manifold Assault         Tloc           9%         N/A       67%         4


Dungeon Overview and Level Annotations

Branches:
Dungeon (1/15)

Altars:


Innate Abilities, Weirdness & Mutations

Your serpentine skin is tough. (AC +0)
You have supernaturally acute eyesight. (SInv)
Armour fits poorly on your strangely shaped body.
Your system is resistant to poisons. (rPois)
You cover ground very slowly.
You can spit poison.
You have a snake-like lower body.


Message History

The jackal barks!
A jackal comes into view.
A quokka comes into view.
The giant cockroach bites you. The jackal barely misses you.
The giant cockroach bites you. The jackal attacks as you move away!
The jackal closely misses you.
The giant cockroach attacks as you move away!
The giant cockroach bites you. The jackal bites you.
The goblin completely misses you. The jackal attacks as you move away!
The jackal bites you. The goblin attacks as you move away!
The goblin closely misses you. The jackal bites you.
You barely miss the jackal. The jackal closely misses you.
The giant cockroach waves its antennae.
The jackal misses you.
A goblin opens the door.
You barely miss the jackal. The jackal bites you.
The jackal closely misses you.
You hit the jackal but do no damage. The jackal closely misses you.
You hit the jackal.
The jackal is heavily wounded.
The jackal barely misses you.
The jackal bites you but does no damage.
You barely miss the goblin. You hit the jackal. The jackal barely misses you.
The goblin barely misses you.
You hit the goblin but do no damage. You closely miss the jackal.
The jackal bites you. The goblin hits you but does no damage.
The jackal bites you. The goblin hits you with a +0 club.
You hit the jackal but do no damage.
The jackal is almost dead.
You barely miss the goblin. The jackal barely misses you.
The goblin closely misses you. The jackal bites you.
You closely miss the goblin. You miss the jackal. The jackal bites you.
The goblin barely misses you.
You hit the goblin.
The goblin is severely wounded.
You hit the jackal.
You kill the jackal!
The goblin hits you with a +0 club.
* * * LOW HITPOINT WARNING * * *
The jackal bites you.
You die...

... #. .. #.....# ###
.r#.....# .... .#..
..# #..# ... ..#....#
#.# #.#....#. .
#.###.#.#....
....#####gh...†......
....'.g@hB.[..†......
....#########.#......
. #####.# .###.
#.....# .# #.##### .!
#.# .# #.# # . # #.#
.#.# #.# .....


You could see 2 jackals, a giant cockroach and 2 goblins.

Vanquished Creatures
  An endoplasm (D:1)
  A jackal (D:1)
  A bat (D:1)
  A rat (D:1)
4 creatures vanquished.

Notes
Turn   | Place    | Note
-------+----------+-------------------------------------------
     0 | D:1      | ColgateMemes the Naga Warper began the quest for the Orb.
     0 | D:1      | Reached XP level 1. HP: 19/19 MP: 3/3
   103 | D:1      | Slain by a jackal

Illustrated notes

Levels and vault maps discovered:
D:1:      roderic_chinese_lattice_arrival, layout_basic, minmay_crystal_water,
          minmay_octomino_j4

Action                   || total
-------------------------++-------
Melee: Hand axe          ||    15
  Use: Scroll            ||     1
Armor: Leather armour    ||     2
Dodge: Dodged            ||    16

Table legend: (Time is in decaauts)
 A = Elapsed time spent in this place.
 B = Non-inter-level travel time spent in this place.
 C = Inter-level travel time spent in this place.
 D = Time resting spent in this place.
 E = Time spent auto-exploring this place.
 F = Levels seen in this place.
 G = Mean time per level.
                   A        B        C        D        E       F      G
               +--------+--------+--------+--------+--------+-----+--------+
         Total |    129 |    129 |      0 |     19 |      0 |   1 |  129.0 |
       Dungeon |    129 |    129 |      0 |     19 |      0 |   1 |  129.0 |
               +--------+--------+--------+--------+--------+-----+--------+

Top non-repeatable levels by time:
     D:1: 129 daAuts
